[Event "IMSA Blitz Men 2019"]
[Site "Hengshui"]
[Date "2019.05.18"]
[Round "8.2"]
[White "Leko, Peter"]
[Black "Bu, Xiangzhi"]
[Result "0-1"]
[ECO "C42"]
[WhiteElo "2674"]
[BlackElo "2729"]
[Annotator "RC"]
[PlyCount "124"]
[EventDate "2019.05.17"]
[EventType "blitz"]
[EventCountry "CHN"]
[SourceTitle "playchess.com"]
[Source "ChessBase"]
[SourceQuality "1"]
[TimeControl "180+2"]

1. e4 e5 2. Nf3 Nf6 3. Nxe5 d6 4. Nf3 Nxe4 5. Bd3 Nf6 6. O-O Be7 7. Re1 O-O 8. Bf1 d5 9. d4 c5 10. dxc5 Bxc5 11. Be3 Bxe3 12. Rxe3 Nc6 13. h3 d4 14. Re2 Qb6 15. c3 Rd8 16. cxd4 Nxd4 17. Nxd4 Rxd4 18. Rd2 Rxd2 19. Qxd2 Bf5 20. Nc3 Rd8 21. Qc1 h6 22. b3 Qd4 23. Qd1 Ne4 24. Qxd4 Rxd4 25. Nxe4 Bxe4 26. Re1 Bc6 27. a3 Kf8 28. f3 Rd2 29. Re3 a5 30. a4 Bd5 31. Rc3 Ke7 32. Bc4 Bc6 33. h4 g5 34. hxg5 hxg5 35. Kh2 f5 36. Kg3 Kf6 37. Kh2 g4 38. Kg3 Kg5 39. f4+ Kf6 40. Bf1 Rb2 41. Kh2 Ke6 42. Re3+ Kd6 43. Re5 b6 44. Rxf5 Rxb3 45. Rf6+ Kc5 46. Rg6 Bxa4 47. Rg5+ Kd4 48. Rxg4 Bd7 49. Rg7 Bc6 50. g4 Rf3 51. Kg1 Rxf4 52. g5 a4 53. g6 Kc5 54. Rg8 Bd5 55. Rc8+ Kb4 56. Rd8 Bb3 57. Rd6 Kc5 58. Rd8 Rg4+ 59. Kf2 Rxg6 60. Ke3 Kb4 61. Rb8 a3 62. Ra8 a2 0-1

[Event "IMSA Blitz Men 2019"]
[Site "Hengshui"]
[Date "2019.05.18"]
[Round "9.1"]
[White "Yu, Yangyi"]
[Black "Mamedov, Rauf"]
[Result "1-0"]
[ECO "D30"]
[WhiteElo "2739"]
[BlackElo "2650"]
[Annotator "ChessBase"]
[PlyCount "193"]
[EventDate "2019.05.17"]
[EventType "blitz"]
[EventCountry "CHN"]
[SourceTitle "playchess.com"]
[Source "ChessBase"]
[SourceQuality "1"]
[TimeControl "180+2"]

1. d4 d5 2. c4 e6 3. Nf3 c5 4. e3 Nc6 5. Nc3 Nf6 6. a3 a6 7. dxc5 Bxc5 8. b4 Ba7 9. Bb2 O-O 10. Be2 dxc4 11. Bxc4 b5 12. Be2 Bb7 13. O-O Qe7 14. Rc1 Rfd8 15. Qc2 Rac8 16. Qb1 Bb8 17. Rfd1 Ne5 18. Nxe5 Bxe5 19. Rxd8+ Rxd8 20. h3 Bb8 21. Rd1 Rc8 22. Qd3 Qc7 23. f4 h6 24. Rd2 Ba7 25. Kh1 Qb6 26. Qd4 Qxd4 27. exd4 Bb8 28. Rd1 Bxf4 29. Kg1 Nd5 30. Nxd5 Bxd5 31. Bd3 f5 32. Kf2 Kf7 33. g3 Bg5 34. h4 Bf6 35. h5 Ke7 36. Ra1 Bc4 37. Ke2 Bb3 38. Rg1 Bd5 39. Ra1 Bb3 40. Rg1 Bc2 41. Ra1 Bxd3+ 42. Kxd3 Rd8 43. Ke3 Bg5+ 44. Kf3 Rc8 45. d5 Bf6 46. Bxf6+ Kxf6 47. dxe6 Rc3+ 48. Kf4 Rc4+ 49. Kf3 Kxe6 50. Rd1 Rc3+ 51. Kf4 Rxa3 52. Re1+ Kf6 53. Rc1 Ra4 54. Rc6+ Kf7 55. Kxf5 Rxb4 56. Rxa6 Rb3 57. Ra7+ Kg8 58. Ra8+ Kh7 59. g4 Rb1 60. Rb8 b4 61. Kf4 b3 62. Kf3 g5 63. Rb7+ Kg8 64. Kf2 Kf8 65. Kg2 Ke8 66. Kf2 Kd8 67. Kg2 Kc8 68. Rb4 Kc7 69. Rb5 Kc6 70. Rb8 Kc5 71. Rb7 Kc4 72. Rc7+ Kd3 73. Rb7 Kc2 74. Rc7+ Kb2 75. Rc6 Rd1 76. Rxh6 Kc3 77. Rc6+ Kb4 78. Rb6+ Kc4 79. h6 Rd7 80. Kf3 Kc3 81. Rc6+ Kd2 82. Rb6 Kc2 83. Rc6+ Kb1 84. Ke4 b2 85. Kf5 Rb7 86. Kxg5 Ka1 87. Ra6+ Kb1 88. Rc6 Ka1 89. Ra6+ Kb1 90. Rf6 Ka2 91. Rf1 Rc7 92. Kh5 Ka3 93. Rb1 Rc2 94. g5 Rh2+ 95. Kg6 Ka2 96. Rxb2+ Kxb2 97. Kh7 1-0

[Event "IMSA Blitz Men 2019"]
[Site "Hengshui"]
[Date "2019.05.18"]
[Round "9.1"]
[White "Andreikin, Dmitry"]
[Black "Gelfand, Boris"]
[Result "1/2-1/2"]
[ECO "A06"]
[WhiteElo "2722"]
[BlackElo "2676"]
[Annotator "ChessBase"]
[PlyCount "85"]
[EventDate "2019.05.17"]
[EventType "blitz"]
[EventCountry "CHN"]
[SourceTitle "playchess.com"]
[Source "ChessBase"]
[SourceQuality "1"]
[TimeControl "180+2"]

1. Nf3 d5 2. g3 g6 3. Bg2 Bg7 4. d4 Nf6 5. O-O O-O 6. c3 c6 7. Nbd2 Nbd7 8. Re1 c5 9. e4 dxe4 10. Nxe4 Nxe4 11. Rxe4 cxd4 12. Nxd4 Nc5 13. Re1 e5 14. Nb3 Nd3 15. Rf1 Nxc1 16. Qxc1 Rb8 17. Rd1 Qc7 18. Qe3 b6 19. Rd2 Bg4 20. h3 Be6 21. Rad1 Rfd8 22. h4 Bg4 23. Bf3 Rxd2 24. Nxd2 Be6 25. Ne4 Rd8 26. a3 h6 27. h5 f5 28. Rxd8+ Qxd8 29. Nd2 g5 30. Be2 Qc7 31. g4 fxg4 32. Qe4 Qd7 33. Bc4 Bxc4 34. Nxc4 g3 35. fxg3 Qd1+ 36. Kg2 Qxh5 37. g4 Qf7 38. Nd6 Qd7 39. Qd5+ Kh7 40. Qe4+ Kg8 41. Qd5+ Kh7 42. Qe4+ Kg8 43. Qd5+ 1/2-1/2

[Event "IMSA Blitz Men 2019"]
[Site "Hengshui"]
[Date "2019.05.18"]
[Round "9.1"]
[White "Vidit, Santosh Gujrathi"]
[Black "Jones, Gawain C B"]
[Result "1-0"]
[ECO "D78"]
[WhiteElo "2707"]
[BlackElo "2702"]
[Annotator "ChessBase"]
[PlyCount "131"]
[EventDate "2019.05.17"]
[EventType "blitz"]
[EventCountry "CHN"]
[SourceTitle "playchess.com"]
[Source "ChessBase"]
[SourceQuality "1"]
[TimeControl "180+2"]

1. d4 Nf6 2. c4 g6 3. g3 c6 4. Bg2 d5 5. Nf3 Bg7 6. O-O O-O 7. Qb3 Qb6 8. Nc3 Rd8 9. Na4 Qxb3 10. axb3 Na6 11. Bf4 Bf5 12. Rfc1 Nh5 13. Bd2 Nf6 14. e3 Ne4 15. Be1 Nd6 16. Bf1 Ne4 17. cxd5 cxd5 18. b4 Rac8 19. b5 Nb8 20. Rxc8 Rxc8 21. Nc3 Nxc3 22. Bxc3 a6 23. bxa6 Nxa6 24. Ne5 Bxe5 25. dxe5 Nc5 26. f3 Bd3 27. Bxd3 Nxd3 28. Rd1 Nc5 29. Rxd5 e6 30. Rd4 h5 31. Rc4 Rc6 32. Bd4 Na6 33. Rxc6 bxc6 34. Kf2 Kf8 35. Ke2 Ke7 36. Kd3 c5 37. Bc3 Kd7 38. Kc4 Kc6 39. e4 Nb8 40. f4 Nd7 41. Ba5 f6 42. exf6 Nxf6 43. Kd3 Kb5 44. Bc3 Ng4 45. h3 Nh6 46. Bg7 Nf7 47. g4 hxg4 48. hxg4 Kc6 49. Bf8 Kb5 50. g5 Nd8 51. f5 exf5 52. exf5 Nf7 53. fxg6 Ne5+ 54. Ke4 Nxg6 55. Bd6 Kc4 56. Kf5 Nh4+ 57. Kf6 Kb3 58. Bg3 Nf3 59. g6 Nd2 60. g7 c4 61. g8=Q Kxb2 62. Be5+ Kb3 63. Qb8+ Kc2 64. Qb4 Kd3 65. Qc3+ Ke2 66. Kf5 1-0

[Event "IMSA Blitz Men 2019"]
[Site "Hengshui"]
[Date "2019.05.18"]
[Round "9.1"]
[White "Fedoseev, Vladimir"]
[Black "Cheparinov, Ivan"]
[Result "1-0"]
[ECO "D38"]
[WhiteElo "2683"]
[BlackElo "2667"]
[Annotator "ChessBase"]
[PlyCount "67"]
[EventDate "2019.05.17"]
[EventType "blitz"]
[EventCountry "CHN"]
[SourceTitle "playchess.com"]
[Source "ChessBase"]
[SourceQuality "1"]
[TimeControl "180+2"]

1. d4 Nf6 2. c4 e6 3. Nf3 d5 4. Nc3 Bb4 5. e3 O-O 6. Bd2 b6 7. cxd5 exd5 8. Bd3 Bb7 9. O-O Be7 10. Ne5 c5 11. Be1 Nc6 12. f3 cxd4 13. Nxc6 Bxc6 14. exd4 Bd6 15. Bh4 h6 16. Rc1 Bf4 17. Rc2 Be3+ 18. Kh1 Bxd4 19. Ne2 Bc5 20. b4 Ba4 21. bxc5 bxc5 22. Qd2 Bxc2 23. Bxc2 Qd6 24. Ng3 Rfe8 25. Nf5 Qe5 26. Re1 Qb2 27. Nxh6+ Kf8 28. Rb1 Qd4 29. Qxd4 cxd4 30. Nf5 Re2 31. Bb3 d3 32. Nd4 Ree8 33. Rd1 Nd7 34. Ba4 1-0

[Event "IMSA Blitz Men 2019"]
[Site "Hengshui"]
[Date "2019.05.18"]
[Round "9.1"]
[White "Ponomariov, Ruslan"]
[Black "Le, Quang Liem"]
[Result "1/2-1/2"]
[ECO "B33"]
[WhiteElo "2675"]
[BlackElo "2704"]
[Annotator "ChessBase"]
[PlyCount "76"]
[EventDate "2019.05.17"]
[EventType "blitz"]
[EventCountry "CHN"]
[SourceTitle "playchess.com"]
[Source "ChessBase"]
[SourceQuality "1"]
[TimeControl "180+2"]

1. e4 c5 2. Nf3 Nc6 3. d4 cxd4 4. Nxd4 Nf6 5. Nc3 e5 6. Ndb5 d6 7. Bg5 a6 8. Na3 b5 9. Bxf6 gxf6 10. Nd5 Bg7 11. c3 f5 12. exf5 Bxf5 13. Nc2 O-O 14. Nce3 Be6 15. a4 Ne7 16. Nxe7+ Qxe7 17. axb5 axb5 18. Rxa8 Rxa8 19. Bxb5 Ra2 20. Qb1 Bh6 21. O-O Bxe3 22. fxe3 Qa7 23. Re1 d5 24. Kh1 e4 25. Bf1 Qa4 26. b4 Qa3 27. b5 Qxc3 28. Qxa2 Qxe1 29. Qe2 Qb1 30. Kg1 Kf8 31. Kf2 Bd7 32. h4 Kg7 33. Qh5 Bxb5 34. Qg5+ Kf8 35. Qd8+ Kg7 36. Qg5+ Kf8 37. Qd8+ Kg7 38. Qg5+ Kf8 1/2-1/2

[Event "IMSA Blitz Men 2019"]
[Site "Hengshui"]
[Date "2019.05.18"]
[Round "9.1"]
[White "Leko, Peter"]
[Black "Korobov, Anton"]
[Result "0-1"]
[ECO "D12"]
[WhiteElo "2674"]
[BlackElo "2687"]
[Annotator "ChessBase"]
[PlyCount "69"]
[EventDate "2019.05.17"]
[EventType "blitz"]
[EventCountry "CHN"]
[SourceTitle "playchess.com"]
[Source "ChessBase"]
[SourceQuality "1"]
[TimeControl "180+2"]

1. d4 d5 2. c4 c6 3. Nf3 Nf6 4. e3 Bf5 5. Nc3 e6 6. Nh4 Be4 7. f3 Bg6 8. Qb3 Qc7 9. Bd2 Be7 10. cxd5 exd5 11. Nxg6 hxg6 12. O-O-O Nbd7 13. Kb1 b5 14. Rc1 Qd6 15. Nd1 O-O 16. g4 Nb6 17. g5 Nc4 18. Be1 Nh5 19. f4 a5 20. Qc2 a4 21. Bxc4 bxc4 22. a3 Rfb8 23. Ka1 Rb3 24. Nc3 Rab8 25. Rb1 c5 26. dxc5 Qxc5 27. Bf2 Qa5 28. Be1 d4 29. exd4 Nxf4 30. Bg3 Bd6 31. Rhf1 Qxg5 32. Ne4 Qf5 33. Bxf4 Bxf4 34. d5 c3 35. bxc3 0-1

[Event "IMSA Blitz Men 2019"]
[Site "Hengshui"]
[Date "2019.05.18"]
[Round "9.2"]
[White "Le, Quang Liem"]
[Black "Ponomariov, Ruslan"]
[Result "0-1"]
[ECO "B12"]
[WhiteElo "2704"]
[BlackElo "2675"]
[Annotator "ChessBase"]
[PlyCount "57"]
[EventDate "2019.05.17"]
[EventType "blitz"]
[EventCountry "CHN"]
[SourceTitle "playchess.com"]
[Source "ChessBase"]
[SourceQuality "1"]
[TimeControl "180+2"]

1. e4 c6 2. d4 d5 3. e5 c5 4. dxc5 e6 5. a3 Nc6 6. Nf3 Bxc5 7. Bd3 f6 8. b4 Bb6 9. Bb2 fxe5 10. Nxe5 Nf6 11. O-O O-O 12. Nd2 a5 13. b5 Nxe5 14. Bxe5 Bd7 15. a4 Be8 16. Nb3 Rc8 17. Qe2 Qe7 18. Rae1 Qb4 19. Kh1 Bd7 20. f4 Bc7 21. h3 b6 22. Nd4 Bxe5 23. Qxe5 Rfe8 24. Nf3 Qxa4 25. Qd6 Qb4 26. Qxb6 Rb8 27. Qa7 Ra8 28. Qe3 a4 29. Ra1 0-1

[Event "IMSA Blitz Men 2019"]
[Site "Hengshui"]
[Date "2019.05.18"]
[Round "9.2"]
[White "Jones, Gawain C B"]
[Black "Vidit, Santosh Gujrathi"]
[Result "1-0"]
[ECO "B30"]
[WhiteElo "2702"]
[BlackElo "2707"]
[Annotator "ChessBase"]
[PlyCount "57"]
[EventDate "2019.05.17"]
[EventType "blitz"]
[EventCountry "CHN"]
[SourceTitle "playchess.com"]
[Source "ChessBase"]
[SourceQuality "1"]
[TimeControl "180+2"]

1. e4 c5 2. Nf3 Nc6 3. Bb5 e5 4. O-O Bd6 5. c3 a6 6. Ba4 b5 7. Bc2 Nge7 8. d4 cxd4 9. cxd4 exd4 10. Nxd4 Nxd4 11. Qxd4 Qc7 12. Qd3 Bxh2+ 13. Kh1 Bf4 14. Nc3 Bxc1 15. Raxc1 Qe5 16. f4 Qh5+ 17. Kg1 O-O 18. Rf3 Qc5+ 19. Kh1 Ng6 20. Qd2 Bb7 21. Bb3 Rac8 22. Re1 d6 23. f5 Ne5 24. Rg3 Kh8 25. Qg5 Rg8 26. Rh3 Rge8 27. f6 Ng6 28. fxg7+ Kg8 29. Qh6 1-0

[Event "IMSA Blitz Men 2019"]
[Site "Hengshui"]
[Date "2019.05.18"]
[Round "9.2"]
[White "Gelfand, Boris"]
[Black "Andreikin, Dmitry"]
[Result "0-1"]
[ECO "E10"]
[WhiteElo "2676"]
[BlackElo "2722"]
[Annotator "ChessBase"]
[PlyCount "68"]
[EventDate "2019.05.17"]
[EventType "blitz"]
[EventCountry "CHN"]
[SourceTitle "playchess.com"]
[Source "ChessBase"]
[SourceQuality "1"]
[TimeControl "180+2"]

1. d4 Nf6 2. c4 e6 3. Nf3 d5 4. g3 Bb4+ 5. Bd2 Be7 6. Bg2 O-O 7. O-O Nbd7 8. Qb3 c6 9. Bf4 Ne4 10. Nc3 g5 11. Be3 Nd6 12. cxd5 exd5 13. Rad1 f5 14. Ne5 Nb6 15. Bc1 f4 16. e4 Kh8 17. exd5 cxd5 18. Kh1 Be6 19. gxf4 gxf4 20. Rg1 Bh4 21. Qc2 Qf6 22. Qe2 Rae8 23. Qh5 Bxf2 24. Be4 Nxe4 25. Nxe4 dxe4 26. Ng6+ Qxg6 27. Rxg6 Bf7 28. Bxf4 Bxg6 29. Be5+ Kg8 30. Qe2 e3 31. h4 Nd5 32. h5 Be4+ 33. Kh2 Bf3 34. Qc4 Rf5 0-1

[Event "IMSA Blitz Men 2019"]
[Site "Hengshui"]
[Date "2019.05.18"]
[Round "9.2"]
[White "Cheparinov, Ivan"]
[Black "Fedoseev, Vladimir"]
[Result "0-1"]
[ECO "E71"]
[WhiteElo "2667"]
[BlackElo "2683"]
[Annotator "ChessBase"]
[PlyCount "64"]
[EventDate "2019.05.17"]
[EventType "blitz"]
[EventCountry "CHN"]
[SourceTitle "playchess.com"]
[Source "ChessBase"]
[SourceQuality "1"]
[TimeControl "180+2"]

1. d4 Nf6 2. c4 g6 3. Nc3 Bg7 4. e4 d6 5. h3 O-O 6. Be3 Na6 7. g4 c5 8. Nge2 Be6 9. b3 cxd4 10. Nxd4 Bd7 11. Bg2 Nc5 12. Qd2 a6 13. O-O Rb8 14. Rad1 b5 15. cxb5 axb5 16. e5 dxe5 17. Nc6 Bxc6 18. Qxd8 Rfxd8 19. Bxc6 Rdc8 20. Bxb5 Nxb3 21. axb3 Rxc3 22. Bc4 h5 23. g5 Ne4 24. Rd7 Bf8 25. Ba7 Rc8 26. f4 Rxh3 27. fxe5 Nxg5 28. Kg2 Rc3 29. Bd4 Rc2+ 30. Kg3 e6 31. Be3 Rc3 32. Rd3 R8xc4 0-1

[Event "IMSA Blitz Men 2019"]
[Site "Hengshui"]
[Date "2019.05.18"]
[Round "9.2"]
[White "Mamedov, Rauf"]
[Black "Yu, Yangyi"]
[Result "1-0"]
[ECO "A05"]
[WhiteElo "2650"]
[BlackElo "2739"]
[Annotator "RC"]
[PlyCount "67"]
[EventDate "2019.05.17"]
[EventType "blitz"]
[EventCountry "CHN"]
[SourceTitle "playchess.com"]
[Source "ChessBase"]
[SourceQuality "1"]
[TimeControl "180+2"]

1. Nf3 Nf6 2. g3 d5 3. Bg2 c5 4. O-O Nc6 5. d3 e5 6. e4 dxe4 7. dxe4 Qxd1 8. Rxd1 Nd4 9. Nxd4 cxd4 10. c3 Bg4 11. f3 Be6 12. cxd4 exd4 13. Bf4 Bc5 14. Nd2 Bb6 15. Bd6 Rd8 16. Ba3 h5 17. Bf1 d3+ 18. Kg2 g5 19. e5 Nd5 20. Ne4 Ne3+ 21. Kh1 f5 22. exf6 Nxd1 23. Rxd1 Bd5 24. Nxg5 Rg8 25. f7+ Bxf7 26. Re1+ Be6 27. Nxe6 d2 28. Bb5+ Kf7 29. Nxd8+ Rxd8 30. Rd1 Be3 31. Bb4 Kg6 32. Kg2 Kf5 33. Bc3 a6 34. Ba4 1-0

[Event "IMSA Blitz Men 2019"]
[Site "Hengshui"]
[Date "2019.05.18"]
[Round "10.1"]
[White "Dominguez Perez, Leinier"]
[Black "Yu, Yangyi"]
[Result "1-0"]
[ECO "C18"]
[WhiteElo "2750"]
[BlackElo "2739"]
[Annotator "ChessBase"]
[PlyCount "111"]
[EventDate "2019.05.17"]
[EventType "blitz"]
[EventCountry "CHN"]
[SourceTitle "playchess.com"]
[Source "ChessBase"]
[SourceQuality "1"]
[TimeControl "180+2"]

1. e4 e6 2. d4 d5 3. Nc3 Bb4 4. e5 c5 5. a3 Bxc3+ 6. bxc3 Qa5 7. Bd2 c4 8. Qg4 g6 9. h4 h6 10. Qf4 Qa4 11. Ra2 Nc6 12. Nf3 Bd7 13. Be2 Nge7 14. Nh2 g5 15. Qf6 O-O-O 16. Ng4 Qb5 17. Ra1 Qb2 18. Rc1 h5 19. hxg5 Nf5 20. Nh6 Nxh6 21. gxh6 Rh7 22. Rxh5 Rdh8 23. Rh4 Qxa3 24. Rg4 Ne7 25. Rg7 Nf5 26. Qxf7 Rxg7 27. hxg7 Rh1+ 28. Bf1 Nxg7 29. Qxg7 a5 30. Rb1 Qa2 31. Qf8+ Kc7 32. Qd6+ Kc8 33. Qb6 Bc6 34. Qb2 Qxb2 35. Rxb2 a4 36. f3 b5 37. Ra2 Be8 38. Kf2 Bg6 39. Bc1 Kc7 40. Ba3 Kc6 41. g4 Bh7 42. Ra1 Bxc2 43. Re1 Bg6 44. Bg2 Rh8 45. Rh1 Rg8 46. Kg3 Bd3 47. f4 Bf5 48. Bf3 Bd3 49. Rh6 Kd7 50. Rf6 Rb8 51. Rf7+ Kc6 52. Re7 b4 53. Rxe6+ Kc7 54. Bxb4 Rxb4 55. cxb4 a3 56. Ra6 1-0

[Event "IMSA Blitz Men 2019"]
[Site "Hengshui"]
[Date "2019.05.18"]
[Round "10.1"]
[White "Wang, Hao"]
[Black "Cheparinov, Ivan"]
[Result "1-0"]
[ECO "C54"]
[WhiteElo "2735"]
[BlackElo "2667"]
[Annotator "RC"]
[PlyCount "69"]
[EventDate "2019.05.17"]
[EventType "blitz"]
[EventCountry "CHN"]
[SourceTitle "playchess.com"]
[Source "ChessBase"]
[SourceQuality "1"]
[TimeControl "180+2"]

1. e4 e5 2. Nf3 Nc6 3. Bc4 Bc5 4. c3 Nf6 5. d3 d6 6. O-O O-O 7. a4 a5 8. Nbd2 Be6 9. h3 h6 10. Re1 Qd7 11. Bb5 Qc8 12. Nf1 Na7 13. d4 exd4 14. cxd4 Bb4 15. Bd2 Nxb5 16. axb5 d5 17. e5 Ne4 18. Bxb4 axb4 19. N1d2 Qd7 20. Qe2 Bf5 21. Nb3 Rfe8 22. Rec1 Rxa1 23. Rxa1 Nd6 24. b6 cxb6 25. Qd2 Nc4 26. Qxb4 Rc8 27. Nbd2 Qc6 28. Nf1 Be4 29. N3d2 Nxd2 30. Nxd2 Qg6 31. Nxe4 dxe4 32. d5 Rc2 33. Qd4 Kh7 34. d6 Qf5 35. Rd1 1-0

[Event "IMSA Blitz Men 2019"]
[Site "Hengshui"]
[Date "2019.05.18"]
[Round "10.1"]
[White "Jones, Gawain C B"]
[Black "Le, Quang Liem"]
[Result "0-1"]
[ECO "B31"]
[WhiteElo "2702"]
[BlackElo "2704"]
[Annotator "ChessBase"]
[PlyCount "236"]
[EventDate "2019.05.17"]
[EventType "blitz"]
[EventCountry "CHN"]
[SourceTitle "playchess.com"]
[Source "ChessBase"]
[SourceQuality "1"]
[TimeControl "180+2"]

1. e4 c5 2. Nf3 Nc6 3. Bb5 g6 4. O-O Bg7 5. Re1 e5 6. Bxc6 dxc6 7. a4 a5 8. Na3 Qc7 9. Nc4 Be6 10. d3 h6 11. b3 Ne7 12. Bb2 Bxc4 13. bxc4 O-O 14. Ra3 Rae8 15. Rb3 Nc8 16. Qd2 b6 17. Bc3 Kh7 18. h3 f5 19. exf5 gxf5 20. Rbb1 e4 21. Nh2 Bxc3 22. Qxc3 Qg7 23. Qxg7+ Kxg7 24. Re3 exd3 25. cxd3 Kf6 26. Rf3 Re2 27. Ng4+ Ke6 28. Re3+ Rxe3 29. Nxe3 Rd8 30. Rb3 f4 31. Ng4 h5 32. Nh2 Kd6 33. Kf1 Kc7 34. Nf3 Nd6 35. Ng5 Re8 36. Rb2 b5 37. cxb5 cxb5 38. axb5 Kb6 39. Nh7 a4 40. Nf6 a3 41. Ra2 Ra8 42. Nd5+ Kb7 43. Nxf4 Nxb5 44. Ne2 Rd8 45. Nc1 c4 46. Ke1 Re8+ 47. Kd2 c3+ 48. Kd1 Kb6 49. Nb3 h4 50. g3 hxg3 51. fxg3 Re3 52. Rg2 Rxd3+ 53. Kc2 Rf3 54. Kb1 Kc6 55. Ka2 Kd5 56. h4 Kc4 57. h5 Kb4 58. Na1 Nd4 59. h6 Rf1 60. h7 Rh1 61. g4 Rxh7 62. g5 Kc4 63. g6 Rg7 64. Rg4 Kd3 65. Kxa3 Ra7+ 66. Kb4 Rxa1 67. g7 Rb1+ 68. Kc5 Ne6+ 69. Kd5 Nxg7 70. Rg3+ Kd2 71. Rg2+ Kc1 72. Kc4 Rb7 73. Kxc3 Rc7+ 74. Kd3 Ne6 75. Ke4 Nc5+ 76. Kd5 Nb3 77. Rh2 Nd2 78. Kd6 Ra7 79. Kd5 Kc2 80. Kd4 Ra4+ 81. Kd5 Rg4 82. Ke5 Kd3 83. Rh3+ Kc4 84. Kf5 Rd4 85. Ke5 Rd5+ 86. Ke6 Ne4 87. Rh4 Kd4 88. Rh1 Rd6+ 89. Ke7 Ra6 90. Rd1+ Ke5 91. Kd7 Nc3 92. Re1+ Kd5 93. Ke7 Ra7+ 94. Kf6 Ne4+ 95. Kg6 Ke5 96. Rb1 Ra2 97. Re1 Rg2+ 98. Kf7 Rg4 99. Re2 Rh4 100. Re1 Rf4+ 101. Ke7 Rg4 102. Kd7 Rg6 103. Kc7 Rh6 104. Rd1 Nc3 105. Re1+ Kd5 106. Rc1 Rc6+ 107. Kd7 Rc4 108. Rh1 Ne4 109. Rh5+ Kd4 110. Rh4 Ke5 111. Rh5+ Kf6 112. Ra5 Nc5+ 113. Ke8 Re4+ 114. Kf8 Nd7+ 115. Kg8 Kg6 116. Ra8 Re7 117. Kh8 Rh7+ 118. Kg8 Nf6+ 0-1

[Event "IMSA Blitz Men 2019"]
[Site "Hengshui"]
[Date "2019.05.18"]
[Round "10.1"]
[White "Ponomariov, Ruslan"]
[Black "Rapport, Richard"]
[Result "1-0"]
[ECO "C41"]
[WhiteElo "2675"]
[BlackElo "2736"]
[Annotator "ChessBase"]
[PlyCount "117"]
[EventDate "2019.05.17"]
[EventType "blitz"]
[EventCountry "CHN"]
[SourceTitle "playchess.com"]
[Source "ChessBase"]
[SourceQuality "1"]
[TimeControl "180+2"]

1. e4 d6 2. d4 Nf6 3. Nc3 e5 4. Nf3 Nbd7 5. Bc4 Be7 6. a4 O-O 7. O-O c6 8. h3 h6 9. Re1 Re8 10. Be3 exd4 11. Qxd4 Qa5 12. Bf4 Ne5 13. Be2 Bf8 14. Rad1 Bd7 15. Bg3 Rad8 16. b4 Qb6 17. Qxb6 axb6 18. b5 Ra8 19. Nd4 Ng6 20. Bc4 Rac8 21. Bb3 Nh5 22. Bh2 Nf6 23. Re3 Red8 24. g4 Re8 25. bxc6 bxc6 26. Kg2 Nh4+ 27. Kg1 Ng6 28. Bg3 Ra8 29. Kg2 Ra5 30. f3 Rc5 31. Rdd3 h5 32. Nf5 hxg4 33. hxg4 Ne5 34. Rd4 Be6 35. Nxd6 Rd8 36. Nf5 Rxd4 37. Nxd4 Bd7 38. Nce2 g5 39. Rc3 Ng6 40. Nf5 Rxc3 41. Nxc3 Nf4+ 42. Kf1 Bc5 43. Nh6+ Kg7 44. Nxf7 Bc8 45. Nxg5 Ba6+ 46. Ke1 Ng2+ 47. Kd1 Bb4 48. Be5 Kg6 49. Ne6 Ne3+ 50. Kd2 Nf1+ 51. Ke1 Ne3 52. Nc7 Bf1 53. Kf2 Nexg4+ 54. fxg4 Nxg4+ 55. Kxf1 Nxe5 56. Nd1 Kg5 57. Ke2 Kf4 58. Nf2 Nd7 59. Nd3+ 1-0

[Event "IMSA Blitz Men 2019"]
[Site "Hengshui"]
[Date "2019.05.18"]
[Round "10.1"]
[White "Leko, Peter"]
[Black "Andreikin, Dmitry"]
[Result "1/2-1/2"]
[ECO "C67"]
[WhiteElo "2674"]
[BlackElo "2722"]
[Annotator "ChessBase"]
[PlyCount "48"]
[EventDate "2019.05.17"]
[EventType "blitz"]
[EventCountry "CHN"]
[SourceTitle "playchess.com"]
[Source "ChessBase"]
[SourceQuality "1"]
[TimeControl "180+2"]

1. e4 e5 2. Nf3 Nc6 3. Bb5 Nf6 4. O-O Nxe4 5. Re1 Nd6 6. Nxe5 Be7 7. Bf1 Nf5 8. Nf3 O-O 9. d4 d5 10. c3 Re8 11. Bd3 Bd6 12. Rxe8+ Qxe8 13. Nbd2 Nce7 14. Nf1 c6 15. Qc2 f6 16. Bd2 Qh5 17. Re1 Bd7 18. Ng3 Nxg3 19. hxg3 Re8 20. Nh4 Kh8 21. Be2 Qf7 22. Bd3 Qh5 23. Be2 Qf7 24. Bd3 Qh5 1/2-1/2

[Event "IMSA Blitz Men 2019"]
[Site "Hengshui"]
[Date "2019.05.18"]
[Round "10.1"]
[White "Mamedov, Rauf"]
[Black "Korobov, Anton"]
[Result "0-1"]
[ECO "B96"]
[WhiteElo "2650"]
[BlackElo "2687"]
[Annotator "ChessBase"]
[PlyCount "102"]
[EventDate "2019.05.17"]
[EventType "blitz"]
[EventCountry "CHN"]
[SourceTitle "playchess.com"]
[Source "ChessBase"]
[SourceQuality "1"]
[TimeControl "180+2"]

1. e4 c5 2. Nf3 d6 3. d4 cxd4 4. Nxd4 Nf6 5. Nc3 a6 6. Bg5 e6 7. f4 Qc7 8. Bd3 Nc6 9. Nb3 Be7 10. Qf3 h6 11. Bxf6 Bxf6 12. O-O O-O 13. Kh1 g6 14. Rae1 Bg7 15. Qg3 Qe7 16. e5 dxe5 17. fxe5 Qg5 18. Qh3 Nxe5 19. Ne4 Qe7 20. Be2 Bd7 21. Nd4 Nc6 22. Nxc6 Bxc6 23. Bd3 Rad8 24. Nd2 Rd5 25. Qe3 Rfd8 26. Nf3 Qc5 27. Qe2 Bxb2 28. Bxg6 fxg6 29. c4 R5d6 30. Qxb2 Bxf3 31. Rxf3 Rd1 32. Rff1 Rxe1 33. Rxe1 Qe3 34. Rg1 Qe4 35. h3 Rd3 36. Kh2 Qf4+ 37. Kh1 Qe4 38. Kh2 e5 39. Qf2 Qf4+ 40. Qxf4 exf4 41. Rf1 g5 42. h4 Kg7 43. hxg5 hxg5 44. Rb1 Rd7 45. c5 Kg6 46. Rb6+ Kf5 47. c6 bxc6 48. Rxc6 Rd2 49. Rxa6 f3 50. Kg3 f2 51. Ra8 f1=N+ 0-1

[Event "IMSA Blitz Men 2019"]
[Site "Hengshui"]
[Date "2019.05.18"]
[Round "10.2"]
[White "Bu, Xiangzhi"]
[Black "Fedoseev, Vladimir"]
[Result "1-0"]
[ECO "D58"]
[WhiteElo "2729"]
[BlackElo "2683"]
[Annotator "RC"]
[PlyCount "81"]
[EventDate "2019.05.17"]
[EventType "blitz"]
[EventCountry "CHN"]
[SourceTitle "playchess.com"]
[Source "ChessBase"]
[SourceQuality "1"]
[TimeControl "180+2"]

1. Nf3 Nf6 2. c4 e6 3. Nc3 d5 4. d4 Be7 5. Bg5 h6 6. Bh4 O-O 7. e3 b6 8. Bd3 Bb7 9. O-O Nbd7 10. Qe2 c5 11. cxd5 Nxd5 12. Bxe7 Qxe7 13. Nxd5 Bxd5 14. Rfd1 Bxf3 15. Qxf3 cxd4 16. Qe4 Nf6 17. Qxd4 Rfd8 18. Qa4 Rac8 19. Be2 Rxd1+ 20. Rxd1 g6 21. g3 Kg7 22. Bf3 Rc5 23. Kg2 Qc7 24. Rd2 e5 25. a3 a5 26. Qb3 b5 27. Qd3 Rc4 28. Bd5 Rc1 29. Qxb5 Rc5 30. Qb3 a4 31. Qd1 Rc1 32. Qxa4 Ra1 33. Rd1 Rc1 34. Rxc1 Qxc1 35. Bb3 Qc7 36. Qb5 h5 37. h3 Ne4 38. Qd5 Nf6 39. Qb5 Ne4 40. Qc4 Qb7 41. Qd5 1-0

[Event "IMSA Blitz Men 2019"]
[Site "Hengshui"]
[Date "2019.05.18"]
[Round "10.2"]
[White "Vidit, Santosh Gujrathi"]
[Black "Gelfand, Boris"]
[Result "1-0"]
[ECO "A40"]
[WhiteElo "2707"]
[BlackElo "2676"]
[Annotator "RC"]
[PlyCount "102"]
[EventDate "2019.05.17"]
[EventType "blitz"]
[EventCountry "CHN"]
[SourceTitle "playchess.com"]
[Source "ChessBase"]
[SourceQuality "1"]
[TimeControl "180+2"]

1. d4 Nf6 2. c4 e6 3. g3 Bb4+ 4. Nd2 O-O 5. Bg2 d5 6. Ngf3 b6 7. O-O Bb7 8. Ne5 Re8 9. Qc2 Bf8 10. cxd5 exd5 11. Ndf3 h6 12. Bf4 c5 13. Rfd1 Na6 14. Rac1 Qc8 15. h4 Nc7 16. dxc5 bxc5 17. Nd3 Ne6 18. Be5 Nd7 19. b3 Qd8 20. e3 Qb6 21. Ba1 Rac8 22. Nde5 Nxe5 23. Nxe5 d4 24. Qf5 Rc7 25. exd4 cxd4 26. Rxc7 Qxc7 27. Bxb7 Qxb7 28. Qf3 Qc7 29. Qc6 Rc8 30. Qxc7 Rxc7 31. Bxd4 Rc2 32. Bxa7 Rxa2 33. Be3 Rb2 34. Rd3 Nc5 35. Bxc5 Bxc5 36. Rf3 f6 37. Nc4 Rc2 38. h5 Kf7 39. Kg2 Ke6 40. g4 Ba7 41. Ne3 Bxe3 42. Rxe3+ Kf7 43. Re4 f5 44. Rf4 Rb2 45. Rxf5+ Ke6 46. Rb5 Kf6 47. Kg3 Ke6 48. f3 Kf6 49. Kf4 Rc2 50. Rb6+ Kf7 51. b4 Rc4+ 1-0